 Dungeon Crawl Stone Soup version 0.29.0-4-gdea44cf6ec (webtiles) character file.

Game seed: 11905376762074607399

61 qw the Ruffian (level 4, -1/35 HPs)
             Began as a Ghoul Fire Elementalist on Aug 29, 2022.
             Slain by a gnoll
             ... wielding a +0 whip
              (6 damage)
             ... on level 3 of the Dungeon.
             The game lasted 00:02:02 (2998 turns).

qw the Ruffian (Ghoul Fire Elementalist)            Turns: 2998, Time: 00:02:03

Health: -1/35      AC:  6    Str: 13    XL:     4   Next: 7%
Magic:  5/5        EV: 10    Int: 10    God:
Gold:   59         SH:  0    Dex:  9    Spells: 5/6 levels left

rFire   . . .      SeeInvis .     - Unarmed
rCold   + . .      Faith    .   (no shield)
rNeg    + + +      Spirit   .   n - +0 ring mail
rPois   inf        Reflect  .   (no helmet)
rElec   .          Harm     .   l - +0 cloak
rCorr   .          Rampage  .   (no gloves)
Will    .....                   (no boots)
Stlth   +.........              (no amulet)
HPRegen 0.00/turn               (no ring)
MPRegen 0.09/turn               (no ring)

@: about to teleport, inhibited regen
A: claws 1, cold resistance 1, negative energy resistance 3, inhibited
regeneration, torment resistance 2, devour on kill
a: no special abilities


You were on level 3 of the Dungeon.
You visited 1 branch of the dungeon, and saw 3 of its levels.

You collected 59 gold pieces.


Innate Abilities, Weirdness & Mutations

You are immune to poison.
You have sharp fingernails.
Your flesh is cold resistant. (rC+)
You are immune to negative energy. (rN+++)
You do not regenerate when monsters are visible.
You are immune to unholy pain and torment.
You thrive by killing the living.


   Skills:
 - Level 1.2 Fighting
 - Level 1.7 Dodging
 - Level 2.1 Stealth
 + Level 3.6 Unarmed Combat
 - Level 1.7 Spellcasting
 - Level 0.7 Conjurations
 - Level 2.4 Fire Magic


You had 5 spell levels left.
You knew the following spells:

 Your Spells              Type           Power      Damage    Failure   Level
a - Foxfire               Conj/Fire      16%        2x1d4     36%         1

Your spell library contained the following spells:

 Spells                   Type           Power      Damage    Failure   Level
 Scorch                   Fire           10%        2d6       36%         2
 Conjure Flame            Conj/Fire      4%         6-21      73%         3
 Inner Flame              Hex/Fire       3%         N/A       78%         3
 Flame Wave               Conj/Fire      4%         2d5       98%         4

Inventory:

Armour
 l - a +0 cloak (worn)
 n - a +0 ring mail (worn)
Jewellery
 k - a ring of fire
 m - a ring of fire
Scrolls
 a - a scroll of immolation {unknown}
 b - 2 scrolls of teleportation
 Y - a scroll of identify
Potions
 d - a potion of resistance
 e - a potion of flight {unknown}
 f - a potion of might {unknown}
 g - a potion of mutation {unknown}
 h - 2 potions of heal wounds
 i - a potion of lignification {unknown}

Dungeon Overview and Level Annotations

Branches:
Dungeon (3/15)

Altars:
Ru

Shops:
D:1 !


Message History

You start resting.
HP restored.
A gnoll comes into view. It is wielding a +0 halberd of flaming.
Found a bubbling silvery potion.
The gnoll shouts!
Enter note: A gnoll comes into view. It is wielding a +0 whip.
The gnoll shouts!
You hear a shout!
A gnoll comes into view. It is wielding a +0 whip. x2
A ball python comes into view.
The gnoll shouts!
The ball python hisses angrily.
The gnoll closely misses you.
You scratch the gnoll.
The gnoll is moderately wounded.
The gnoll barely misses you.
You barely miss the gnoll.
The gnoll is moderately wounded.
The gnoll hits you with a +0 whip.
The gnoll hits you with a +0 halberd of flaming.
The gnoll burns you.
2994 ||| Stepping ~*~*~tactically~*~*~ (outnumbered).
The gnoll barely misses you.
You scratch the gnoll.
The gnoll is heavily wounded.
The gnoll hits you from afar with a +0 halberd of flaming!
The gnoll burns you. The gnoll misses you.
2996 ||| Stepping ~*~*~tactically~*~*~ (outnumbered).
The ball python barely misses you. The ball python grabs you.
The ball python constricts you.
You scratch the ball python.
You kill the ball python!
You feel better. The gnoll barely misses you.
The gnoll hits you from afar with a +0 halberd of flaming!
The gnoll burns you. The gnoll closely misses you.
2998 ||| READING 3 scrolls of teleportation.
As you read the scroll of teleportation, it crumbles to dust.
You feel strangely unstable.
The gnoll barely misses you. x2; The gnoll hits you with a +0 whip.
You die...

#...#..## #. #..
.........#. #.. #.#
............ #..###..
....$....!.. ####.......
...........####...........
.....................#....
........?.................
...............:..........
........g@................
........gg................
.......g..............<...
...............%..........
........................##
...!..................####
......................#
#######################


You could see 4 gnolls.

Vanquished Creatures
  An adder (D:2)
  A worm (D:2)
  2 dart slugs (D:2)
  7 ball pythons
  A bat (D:1)
  4 endoplasms
  A giant cockroach (D:2)
  7 goblins
  3 hobgoblins
  3 jackals (D:2)
  4 kobolds
  3 quokkas (D:2)
  2 rats (D:2)
39 creatures vanquished.

Notes
Turn   | Place    | Note
-------+----------+-------------------------------------------
     0 | D:1      | qw the Ghoul Fire Elementalist began the quest for the Orb.
     0 | D:1      | Reached XP level 1. HP: 14/14 MP: 2/2
     0 | D:1      | 0 ||| qw: Version: 0.1-a-90-g952f4b7
     0 | D:1      | 0 ||| qw: Game counter: 4244
     0 | D:1      | 0 ||| qw: Always use a shield: true
     0 | D:1      | 0 ||| qw: God list: Okawaru
     0 | D:1      | 0 ||| qw: Allow faded altars: false
     0 | D:1      | 0 ||| qw: Do Orc after D:15 true
     0 | D:1      | 0 ||| qw: Do second Lair branch before Depths: true
     0 | D:1      | 0 ||| qw: Lair rune preference: random
     0 | D:1      | 0 ||| qw: Plans: Normal
     0 | D:1      | 0 ||| PLANNING D:1-11
   390 | D:1      | Reached skill level 1 in Unarmed Combat
   529 | D:1      | Found a faded altar of an unknown god.
   703 | D:1      | Reached skill level 1 in Fighting
   703 | D:1      | Reached XP level 2. HP: 23/23 MP: 3/3
  1593 | D:1      | Found Nuase's Distillery.
  1598 | D:1      | 1598 ||| SHOPLISTING 2 potions of curing (60 gold, have
                  | 23).
  1598 | D:1      | 1598 ||| SHOPLISTING 2 potions of heal wounds (100 gold,
                  | have 23).
  1598 | D:1      | 1598 ||| SHOPLISTING 2 potions of might (80 gold, have 23).
  1598 | D:1      | 1598 ||| SHOPLISTING potion of curing (30 gold, have 23).
  1598 | D:1      | 1598 ||| SHOPLISTING potion of haste (100 gold, have 23).
  1598 | D:1      | 1598 ||| SHOPLISTING potion of heal wounds (50 gold, have
                  | 23).
  1598 | D:1      | 1598 ||| UPGRADING to +0 leather armour.
  1608 | D:1      | 1608 ||| DROPPING +0 robe.
  1609 | D:1      | 1609 ||| UPGRADING to +0 cloak.
  1614 | D:1      | 1614 ||| READING scroll labelled KIEDIWOTIL.
  1615 | D:1      | 1615 ||| READING scroll labelled SOQOLASHEOMP.
  1616 | D:1      | 1616 ||| READING 2 scrolls labelled DECAC JIONA.
  1617 | D:1      | 1617 ||| READING scroll labelled KEPEMA ME SIN.
  1621 | D:1      | 1621 ||| DROPPING potion of magic.
  1622 | D:1      | 1622 ||| DROPPING scroll of poison.
  1697 | D:2      | Reached skill level 2 in Unarmed Combat
  2100 | D:2      | Found a sacrificial altar of Ru.
  2117 | D:2      | 2117 ||| Stepping ~*~*~tactically~*~*~ (stealth).
  2119 | D:2      | 2119 ||| Stepping ~*~*~tactically~*~*~ (stealth).
  2121 | D:2      | 2121 ||| Stepping ~*~*~tactically~*~*~ (hiding).
  2136 | D:2      | Reached XP level 3. HP: 27/28 MP: 4/4
  2164 | D:2      | 2164 ||| Stepping ~*~*~tactically~*~*~ (outnumbered).
  2307 | D:2      | 2307 ||| Stepping ~*~*~tactically~*~*~ (stealth).
  2308 | D:2      | 2308 ||| Stepping ~*~*~tactically~*~*~ (stealth).
  2417 | D:2      | 2417 ||| Stepping ~*~*~tactically~*~*~ (stealth).
  2433 | D:2      | Reached skill level 3 in Unarmed Combat
  2550 | D:2      | 2550 ||| FLEEEEING.
  2551 | D:2      | 2551 ||| FLEEEEING.
  2552 | D:2      | 2552 ||| FLEEEEING.
  2553 | D:2      | 2553 ||| FLEEEEING.
  2554 | D:2      | 2554 ||| FLEEEEING.
  2555 | D:2      | 2555 ||| FLEEEEING.
  2874 | D:2      | Reached XP level 4. HP: 35/35 MP: 5/5
  2888 | D:2      | 2888 ||| UPGRADING to +0 ring mail.
  2898 | D:2      | 2898 ||| DROPPING +0 leather armour.
  2899 | D:2      | 2899 ||| READING 3 scrolls labelled KULANO VIOR PUROI.
  2900 | D:2      | 2900 ||| DRINKING 2 cyan potions.
  2901 | D:2      | 2901 ||| DRINKING 3 amethyst potions.
  2902 | D:2      | 2902 ||| READING 2 scrolls of identify.
  2902 | D:2      | 2902 ||| IDENTIFYING murky purple potion
  2903 | D:2      | 2903 ||| DROPPING potion of brilliance.
  2994 | D:3      | 2994 ||| Stepping ~*~*~tactically~*~*~ (outnumbered).
  2996 | D:3      | 2996 ||| Stepping ~*~*~tactically~*~*~ (outnumbered).
  2997 | D:3      | HP: 7/35 [gnoll/+0 halberd of flaming (9)]
  2998 | D:3      | 2998 ||| READING 3 scrolls of teleportation.
  2998 | D:3      | Slain by a gnoll

Levels and vault maps discovered:
D:1:      dpeg_arrival_houses_and_road, layout_basic,
          hellmonk_ecumenical_altar_inner_sanctum, serial_shops, shop,
          bh_walls_and_bars
D:2:      layout_basic, basic_altar, minivault_24, minivault_5
D:3:      layout_rooms, marbit_many_paths

Skill      XL: |  1  2  3 |
---------------+----------+-----
Unarmed Combat | 1 2 3 |  3.6
Fighting       | 1 |  1.2
Dodging        | |  1.7
Stealth        | |  2.1
Spellcasting   | |  1.7
Conjurations   | |  0.7
Fire Magic     | |  2.4

Action                   |  1- 3 |  4- 6 || total
-------------------------+-------+-------++-------
Melee: Unarmed           |   155 |    12 ||   167
       Punch             |     3 |       ||     3
  Use: Scroll            |     4 |     3 ||     7
       Potion            |       |     2 ||     2
 Stab: Sleeping          |     2 |       ||     2
Armor: Robe              |     3 |       ||     3
       Leather armour    |    25 |       ||    25
       Ring mail         |       |     3 ||     3
Dodge: Dodged            |    74 |    11 ||    85

Table legend:
 A = Non-vault XP
 B = Vault XP
 C = Vault XP percentage of total XP
 D = Non-vault monster count
 E = Vault monster count
 F = Vault count percentage of total count
                 A         B        C        D         E       F
            +---------+---------+-------+---------+---------+-------
      Total |      88 |       0 |   0.0 |      39 |       0 |   0.0
            +---------+---------+-------+---------+---------+-------
        D:1 |      21 |       0 |   0.0 |      11 |       0 |   0.0
        D:2 |      62 |       0 |   0.0 |      25 |       0 |   0.0
        D:3 |       5 |       0 |   0.0 |       3 |       0 |   0.0
            +---------+---------+-------+---------+---------+-------
